 Dungeon Crawl Stone Soup version 0.18.1-48-g4cf74bf (console) character file.

270 utis the Skirmisher (level 6, 42/48 HPs)
             Began as a Human Warper on Aug 30, 2016.
             Quit the game on level 2 of the Dungeon on Aug 31, 2016.
             The game lasted 00:14:05 (5246 turns).

utis the Skirmisher (Human Warper)                  Turns: 5246, Time: 00:14:05

Health: 42/48      AC:  4    Str: 12    XL:     6   Next: 46%
Magic:  9/9        EV: 12    Int: 15    God:
Gold:   123        SH:  0    Dex: 12    Spells: 4 memorised, 2 levels left

rFire  . . .     SeeInvis .     A - +0 flail
rCold  . . .     Gourm    .     b - +0 leather armour
rNeg   . . .     Faith    .     (no shield)
rPois  +         Spirit   .     (no helmet)
rElec  .         Dismiss  .     (no cloak)
rCorr  .         Reflect  .     D - +0 pair of gloves
SustAt .         Harm     .     (no boots)
MR     .....                    (no amulet)
Stlth  +.........               (no ring)
                                P - ring of poison resistance

@: not resistant to hostile enchantments, very unstealthy
A: no striking features
a: no special abilities


You were on level 2 of the Dungeon.
You were very hungry.

You visited 1 branch of the dungeon, and saw 3 of its levels.

You collected 123 gold pieces.

Inventory:

Hand Weapons
 a - a +3 short sword
 l - a +0 mace
 v - a +1 short sword of protection
 A - a +0 flail (weapon)
Missiles
 e - 5 tomahawks of dispersal {=f}
 i - 21 stones (quivered)
 k - 65 arrows
 n - 10 poisoned needles
 t - 5 needles of confusion
 F - 14 bolts
Armour
 b - a +0 leather armour (worn)
 w - a +0 scale mail
 D - a +0 pair of gloves (worn)
Jewellery
 y - an uncursed amulet of guardian spirit {unknown}
 P - a ring of poison resistance (left hand)
Scrolls
 d - a scroll of blinking
 h - a scroll of identify {unknown}
 m - 2 scrolls of remove curse {@r2}
 r - a scroll of noise {unknown}
 u - a scroll of teleportation {unknown}
 z - a scroll of fear {unknown}
 E - a scroll of amnesia {unknown}
Potions
 g - 2 potions of curing {unknown}
 j - a potion of beneficial mutation {unknown}
 p - 2 potions of flight {unknown}
 q - a potion of brilliance {unknown}
 x - a potion of degeneration {unknown}
 B - 3 potions of invisibility {unknown}
Books
 c - a book of Spatial Translocations

   Spells                             Type                      Level
   a - Apportation                    Translocation                1
   b - Blink                          Translocation                2
   c - Shroud of Golubria             Charms/Translocation         2
   d - Portal Projectile              Translocation                3
   e - Teleport Other                 Translocation                3
   f - Passage of Golubria            Translocation                4
Comestibles
 f - 4 bread rations {@e1}
 o - a beef jerky {@e2}
 s - a meat ration {@e1}


   Skills:
 - Level 4.1 Fighting
 - Level 2.7 Maces & Flails
 - Level 1.0 Throwing
 - Level 1.0 Armour
 - Level 3.5 Dodging
 + Level 2.5 Spellcasting
 * Level 3.9 Translocations


You had 2 spell levels left.
You knew the following spells:

 Your Spells              Type           Power        Failure   Level  Hunger
a - Apportation           Tloc           ##........   6%          1    #......
g - Shroud of Golubria    Chrm/Tloc      #.........   21%         2    ###....
o - Teleport Other        Tloc           ##......     17%         3    ###....
v - Blink                 Tloc           N/A          10%         2    ###....


Dungeon Overview and Level Annotations

Branches:
Dungeon (3/15)

Altars:
Gozag
Okawaru
Ru

Annotations:
D:2 Natasha
D:3 Sigmund


Message History

There is an open door here.
A puff of flame appears from out of thin air!
The puff of flame hits you!
There is a stone staircase leading up here.
You climb upwards.
Level annotation: Natasha
There is a stone staircase leading down here.
You start resting.
Magic restored.
Unknown command.
Read which item? (? for menu, Esc to quit)
Okay, then.
Unknown command.
Saving game... please wait.
Level annotation: Natasha Lua error: /dgldir/rcfiles/crawl-0.18/utis.rc:580: unexpected symbol near '#' Welcome back, utis the Human Warper.
Press ? for a list of commands and other information.
Unknown command.
Are you sure you want to abandon this character and quit the game? (Confirm with "yes".)

░░░░░░.░░.░░░░░░░░░░<..░░░░░.░░░.
░.░...............░ ░.....
░░░░░░.░..░░░░░░░░░░░.░░ ░░....
...g......░ ░.░ ░.░░.
░░░░░░.░.░░░░░░░░░░░░.░ ░.░░.
░.░......░░......░ ░.░░░
░.░......░░.░░░░.░░░░░░░.░░░
░.░.......).................
░.░......░░p░░.......░░.....
░.░......░░.░░.░..░░.░░.░.░░
░.░.░░.░.░░.......░░.░░.░.░░
░.░.░░.░.░░░░░.░░░░░.░░...░░
░.░.░░.░.........░░░.░░..░░░
░.░.░...>....░.......░░..░░░
░.░....[.░░░.░.....░░░░.....
░.░........░.░.....░ ░░.░░░
░.░........░.░.....░ ░.░


There were no monsters in sight!

Vanquished Creatures
  An orc priest (D:3)
  Terence (D:2)
  An orc wizard (D:3)
  3 gnolls (D:2)
  6 adders
  2 oozes
  3 worms
  4 dart slugs (D:1)
  4 giant geckos
  4 orcs
  2 ball pythons (D:3)
  5 bats
  6 giant cockroaches
  7 goblins
  4 hobgoblins
  5 jackals
  2 kobolds (D:1)
  A quokka (D:3)
  11 giant newts
  10 rats
82 creatures vanquished.

Vanquished Creatures (others)
  5 plants (D:3)
5 creatures vanquished.

Grand Total: 87 creatures vanquished

Notes
Turn   | Place    | Note
--------------------------------------------------------------
     0 | D:1      | utis the Human Warper began the quest for the Orb.
     0 | D:1      | Reached XP level 1. HP: 16/16 MP: 3/3
   420 | D:1      | Reached XP level 2. HP: 22/22 MP: 5/5
   707 | D:1      | Learned a level 2 spell: Shroud of Golubria
   710 | D:1      | Learned a level 2 spell: Blink
  1114 | D:1      | Reached XP level 3. HP: 27/27 MP: 6/6
  1712 | D:2      | Reached XP level 4. HP: 31/34 MP: 3/7
  1813 | D:2      | Reached skill level 3 in Fighting
  2120 | D:2      | Noticed Terence
  2155 | D:2      | Killed Terence
  2155 | D:2      | Reached XP level 5. HP: 13/42 MP: 2/8
  2157 | D:2      | seriously
  2367 | D:2      | Found an opulent altar of Gozag.
  2367 | D:2      | Found a sacrificial altar of Ru.
  2446 | D:2      | hm hm
  2527 | D:2      | Noticed Natasha
  2545 | D:1      | Learned a level 3 spell: Teleport Other
  2923 | D:2      | Reached skill level 4 in Fighting
  3005 | D:2      | Found an iron altar of Okawaru.
  3898 | D:3      | Reached XP level 6. HP: 48/48 MP: 7/9
  4173 | D:3      | sigh
  4993 | D:3      | Noticed Sigmund
  5246 | D:2      | Quit the game

Skill      XL: |  1  2  3  4  5 |
---------------+----------------+-----
Fighting       | 3 4 |  4.1
Dodging        | 3 |  3.5
Maces & Flails | |  2.7
Throwing       | |  1.0
Armour         | |  1.0
Spellcasting   | |  2.5
Translocations | |  3.9

Action                   |  1- 3 |  4- 6 || total
-------------------------+-------+-------++-------
Melee: Mace              |    72 |       ||    72
       Short sword       |    52 |   107 ||   159
       Flail             |       |   136 ||   136
Throw: Stone             |     9 |    14 ||    23
 Cast: Shroud of Golubri |    15 |    46 ||    61
       Teleport Other    |       |     2 ||     2
  Use: Scroll            |       |     1 ||     1
 Stab: Sleeping          |     1 |       ||     1
  Eat: Chunk             |     4 |    14 ||    18
Armor: Leather armour    |    26 |    54 ||    80
Dodge: Dodged            |    86 |   165 ||   251
